 Dungeon Crawl Stone Soup version 0.23-a0-550-g7de1f8ee9f (webtiles) character file.

694 Rrauwl the Shield-Bearer (level 7, -2/59 HPs)
             Began as a Minotaur Fighter on Dec 8, 2018.
             Was an Initiate of Okawaru.
             Killed from afar by an orc wizard (8 damage)
             ... with a magic dart
             ... on level 5 of the Dungeon.
             The game lasted 00:12:19 (4713 turns).

Rrauwl the Shield-Bearer (Minotaur Fighter)         Turns: 4713, Time: 00:12:20

Health: -2/59      AC:  8    Str: 21    XL:     7   Next: 37%
Magic:  6/6        EV:  5    Int:  5    God:    Okawaru [......]
Gold:   228        SH: 12    Dex: 11    Spells: 6/6 levels left

rFire    . . .     SeeInvis .   y - -3 hunting sling (curse)
rCold    . . .     Gourm    .   p - +1 shield
rNeg     + . .     Faith    .   u - +0 plate armour {rPois}
rPois    +         Spirit   .   (helmet restricted)
rElec    +         Reflect  .   (no cloak)
rCorr    .         Harm     .   (no gloves)
MR       .....                  (no boots)
Stlth    ..........             (no amulet)
HPRegen  0.19/turn              v - ring of positive energy
MPRegen  0.10/turn              x - -3 ring of protection (curse)

@: no status effects
A: retaliatory headbutt, horns 2, talons 1, electricity resistance, evolution 1
a: Renounce Religion


You were on level 5 of the Dungeon.
You worshipped Okawaru.
Okawaru was noncommittal.
You were not hungry.

You visited 1 branch of the dungeon, and saw 5 of its levels.

You collected 228 gold pieces.

Inventory:

Hand Weapons
 a - a +1 war axe
 b - a +0 hunting sling
 c - a +0 flail
 y - a cursed -3 hunting sling (weapon)
Missiles
 g - 156 stones (quivered)
 r - 2 throwing nets
 w - 6 javelins
Armour
 p - a +1 shield (worn)
 u - a +0 plate armour of poison resistance (worn)
Jewellery
 v - a ring of positive energy (left hand)
 x - a cursed -3 ring of protection (right hand)
 z - the ring of Ylolom {rCorr +Fly rPois Slay+2 Stlth-, unknown}
   (You found it on level 4 of the Dungeon)

   [ring of resist corrosion]

   It affects your accuracy and damage with ranged weapons and melee attacks
   (+2).
   It protects you from poison.
   It lets you fly.
   It makes you less stealthy.
Wands
 s - a wand of enslavement (5)
Scrolls
 i - 4 scrolls of identify
 n - 2 scrolls of fog
 t - 2 scrolls of amnesia
Potions
 d - 2 potions of might
 j - a potion of resistance
 l - 5 potions of curing
Comestibles
 e - 10 rations


   Skills:
 - Level 4.0 Fighting
 + Level 6.8 Axes
 - Level 4.0 Armour
 - Level 2.0 Dodging
 + Level 7.4 Shields


You had 6 spell levels left.
You didn't know any spells.
Your spell library contained the following spells:

 Spells                   Type           Power        Failure   Level  Hunger
 Corona                   Hex            #......      100%        1    ##.....
 Ensorcelled Hibernation  Hex/Ice        #.....       100%        2    ###....
 Confuse                  Hex            #.......     100%        3    ####...
 Dazzling Spray           Conj/Hex       #.....       100%        3    ####...
 Tukima's Dance           Hex            #.......     100%        3    ####...


Dungeon Overview and Level Annotations

Branches:
Dungeon (5/15)
 Temple: D:4-7

Altars:
Elyvilon
Gozag
Kikubaaqudgha
Okawaru
Ru
Uskayaw
Yredelemnul


Innate Abilities, Weirdness & Mutations

You reflexively headbutt those who attack you in melee.
You have a pair of horns on your head.
You have sharp toenails.
You are resistant to electric shocks. (rElec)
You evolve.


Message History

You shoot a stone. The stone hits the orc!
You kill the orc!
Okawaru accepts your kill.
Firing (i - inventory. (/) - cycle)
g - 157 stones (quivered)
Press: ? - help, Shift-Dir - straight line, f - orc wizard
Aim: an orc wizard, wielding a +0 dagger and wearing a +0 robe (fast)
You shoot a stone. The stone barely misses the orc wizard.
You block the orc wizard's attack.
The orc wizard hits you with a +0 dagger.
The orc wizard hits you but does no damage.
The orc priest mumbles some strange prayers to Beogh against you.
Beogh smites you! The orc wizard casts a spell at you. The magic dart hits you!
The orc priest invokes the aid of Beogh against you.
Beogh smites you!
* * * LOW HITPOINT WARNING * * *
The orc wizard points at you and mumbles some strange words.
The magic dart hits you!
You die...

........# ......
.......## #.## ......
......## #..###......
.....># ..#/.......
......## #.........(
###....## #.#.#....(.
####..# #.......#
##.########....#.###.
#>......o.@<......($
#...(..%.....#......
#..#..._.....##..#..(.
##.##.o......# ..# .[.
#. #(.......# .... .>
##..(...#.#.....#.. .
#.(((.......#......
#...#....##........
.((.......


You could see an orc priest and an orc wizard.

Vanquished Creatures
  An ice beast (D:5)
  2 ogres (D:4)
  A centaur (D:5)
  A howler monkey (D:4)
  A hound (D:4)
  An orc priest (D:4)
  An orc wizard (D:4)
  2 iguanas (D:4)
  A hound skeleton (D:4)
  4 gnolls (D:2)
  8 adders
  An adder skeleton (D:5)
  A worm (D:3)
  A dart slug (D:2)
  A leopard gecko (D:4)
  2 orcs
  5 bats
  5 giant cockroaches
  4 goblins
  5 hobgoblins
  2 quokkas
  7 frilled lizards
  3 kobolds
  A leopard gecko skeleton (D:4)
  6 rats
67 creatures vanquished.

Vanquished Creatures (others)
  A crimson imp (D:5)
1 creature vanquished.

Grand Total: 68 creatures vanquished

Notes
Turn   | Place    | Note
-------+----------+-------------------------------------------
     0 | D:1      | Rrauwl the Minotaur Fighter began the quest for the Orb.
     0 | D:1      | Reached XP level 1. HP: 19/19 MP: 0/0
   329 | D:1      | Reached XP level 2. HP: 27/27 MP: 1/1
   942 | D:2      | Reached skill level 1 in Dodging
   942 | D:2      | Reached XP level 3. HP: 33/33 MP: 2/2
   945 | D:2      | Reached skill level 4 in Shields
  1243 | D:2      | Found a basalt altar of Yredelemnul.
  1390 | D:2      | Found a white marble altar of Elyvilon.
  1493 | D:2      | Reached XP level 4. HP: 37/40 MP: 3/3
  2370 | D:3      | Reached XP level 5. HP: 40/46 MP: 4/4
  2741 | D:4      | Reached skill level 5 in Shields
  3102 | D:4      | Noticed an ogre
  3125 | D:4      | Killed an ogre
  3149 | D:4      | Got a wavering platinum ring
  3276 | D:4      | Noticed an ogre
  3293 | D:4      | Killed an ogre
  3293 | D:4      | Reached skill level 5 in Axes
  3293 | D:4      | Reached skill level 6 in Shields
  3293 | D:4      | Reached XP level 6. HP: 23/52 MP: 5/5
  3820 | D:4      | Found an iron altar of Okawaru.
  3821 | D:4      | Found an opulent altar of Gozag.
  3828 | D:4      | Became a worshipper of Warmaster Okawaru
  4014 | D:4      | Found a hide-covered altar of Uskayaw.
  4014 | D:4      | Found an ancient bone altar of Kikubaaqudgha.
  4077 | D:5      | Entered Level 5 of the Dungeon
  4077 | D:5      | Found a sacrificial altar of Ru.
  4093 | D:5      | Noticed an ice beast
  4224 | D:4      | Gained mutation: You have sharp toenails. [potion of
                  | mutation]
  4224 | D:4      | Gained mutation: You evolve. [potion of mutation]
  4224 | D:4      | Gained mutation: You are resistant to electric shocks.
                  | (rElec) [potion of mutation]
  4456 | D:4      | Reached XP level 7. HP: 45/59 MP: 6/6
  4567 | D:5      | Reached skill level 7 in Shields
  4713 | D:5      | Killed from afar by an orc wizard

Vault maps used:
D:1:      dpeg_arrival_stone_temple_mockup, chequers_serial_rivers_micro_d,
          hex_medium, minmay_tromino_v4_b
D:2:      kennysheep_ying_yang, grunt_decor_fettered, minivault_5
D:3:      first_ration
D:4:      gammafunk_temple_overflow_elements, gammafunk_temple_overflow_pools,
          hangedman_decor_peaks_small
D:5:      lemuel_ice_spiral_2, gup_sewer_entry_bowl, basic_altar

Skill      XL: |  1  2  3  4  5  6  7 |
---------------+----------------------+-----
Fighting       | 4 |  4.0
Dodging        | 1 2 |  2.0
Axes           | 3 4 5 6 |  6.8
Armour         | 4 |  4.0
Shields        | 4 6 7 |  7.4

Action                   |  1- 3 |  4- 6 |  7- 9 || total
-------------------------+-------+-------+-------++-------
Melee: War axe           |    59 |    42 |       ||   101
       Headbutt          |     8 |     6 |       ||    14
 Fire: Hunting sling     |     2 |   223 |    49 ||   274
  Use: Scroll            |     4 |     4 |       ||     8
       Potion            |       |     9 |     1 ||    10
  Eat: Chunk             |     1 |     7 |       ||     8
       Ration            |       |     1 |       ||     1
Armor: Scale mail        |    31 |     6 |       ||    37
       Plate armour      |       |    68 |    17 ||    85
       Skin              |       |    16 |       ||    16
Dodge: Dodged            |    16 |    53 |     8 ||    77
Block: Shield            |    26 |   142 |    22 ||   190

Table legend:
 A = Non-vault XP
 B = Vault XP
 C = Vault XP percentage of total XP
 D = Non-vault monster count
 E = Vault monster count
 F = Vault count percentage of total count
                 A         B        C        D         E       F
            +---------+---------+-------+---------+---------+-------
      Total |     992 |       0 |   0.0 |      67 |       0 |   0.0
            +---------+---------+-------+---------+---------+-------
        D:1 |      17 |       0 |   0.0 |      12 |       0 |   0.0
        D:2 |     126 |       0 |   0.0 |      23 |       0 |   0.0
        D:3 |      54 |       0 |   0.0 |      11 |       0 |   0.0
        D:4 |     545 |       0 |   0.0 |      16 |       0 |   0.0
        D:5 |     250 |       0 |   0.0 |       5 |       0 |   0.0
            +---------+---------+-------+---------+---------+-------
